 Dungeon Crawl Stone Soup version 0.29-a0-392-g297d3b089c (webtiles) character file.

Game seed: 17579595303521833977

176 holysushi the Skirmisher (level 5, -6/57 HPs)
             Began as an Ogre Chaos Knight on May 8, 2022.
             Was a Plaything of Xom.
             Shot with an arrow by a centaur (9 damage)
             ... on level 3 of the Dungeon.
             The game lasted 00:02:05 (2522 turns).

holysushi the Skirmisher (Ogre Chaos Knight)        Turns: 2522, Time: 00:02:05

Health: -6/57      AC:  5    Str: 13 (16) XL:     5   Next: 56%
Magic:  5/5        EV: 10    Int: 14 (15) God:    Xom [..*...]
Gold:   52         SH:  0    Dex:  7 (10) Spells: 4/4 levels left

rFire   . . .      SeeInvis +   a - +0 mace (chaos)
rCold   . . .      Faith    .   (no shield)
rNeg    . . .      Spirit   .   b - +2 robe
rPois   .          Reflect  .   (helmet restricted)
rElec   .          Harm     .   (no cloak)
rCorr   .          Rampage  .   (gloves unavailable)
Will    .....                   (boots unavailable)
Stlth   +.........              (no amulet)
HPRegen 0.19/turn               (no ring)
MPRegen 0.09/turn               (no ring)

@: brilliant, attractive, hasted, very quick
A: large, unfitting armour, tough skin 1, see invisible, clever 1
a: Renounce Religion


You were on level 3 of the Dungeon.
You worshipped Xom.
You were a toy of Xom.
You visited 1 branch of the dungeon, and saw 3 of its levels.

You collected 52 gold pieces.

Inventory:

Hand Weapons
 a - a +0 mace of chaos (weapon)
Armour
 b - a +2 robe (worn)
Jewellery
 i - a ring of protection from fire
Scrolls
 f - a scroll of noise {unknown}
 h - a scroll of poison {unknown}
 j - a scroll of enchant weapon {unknown}
 m - 4 scrolls of identify {unknown}
Miscellaneous
 c - a piece from Xom's chessboard (15/15) (quivered)


   Skills:
 + Level 5.4 Fighting
 * Level 4.4 Maces & Flails
 + Level 2.8 Dodging


You had 4 spell levels left.
You didn't know any spells.
Your spell library was empty.

Dungeon Overview and Level Annotations

Branches:
Dungeon (3/15)

Altars:


Innate Abilities, Weirdness & Mutations

You are too large for most types of armour.
You have tough skin. (AC +1)
You have supernaturally acute eyesight. (SInv)
Your mind is acute. (Int +2)


Message History

* * * LOW HITPOINT WARNING * * *
The orc hits you with a +0 dagger.
* * * LOW HITPOINT WARNING * * *
The orc barely misses you.
An orc comes into view. It is wielding a +0 whip.
The orc is attracted toward you.
You hit the orc.
You feel better.
The orc is almost dead.
Unknown command.
You sock the orc!
You kill the orc!
The kobold hits you with a +0 club.
* * * LOW HITPOINT WARNING * * *
The orc hits you with a +0 dagger.
* * * LOW HITPOINT WARNING * * *
Unknown command.
You closely miss the kobold. The kobold barely misses you.
The orc hits you with a +0 dagger.
* * * LOW HITPOINT WARNING * * *
Unknown command.
You barely miss the orc. The kobold hits you but does no damage.
The orc is attracted toward you.
Unknown command.
You hit the orc.
The orc is poisoned.
You punch the orc.
You kill the orc!
Your surroundings suddenly seem different.
Found a runed glaive and 25 stones.
Unknown command.
The ball python hisses angrily.
You hear an angry hiss.
The ball python is attracted toward you.
The frilled lizard is attracted toward you.
You see here 15 stones.
The ball python is attracted toward you.
The frilled lizard is attracted toward you.
The centaur is attracted toward you.
The frilled lizard hisses.
The centaur is attracted toward you.
The centaur shoots an arrow.
The arrow hits you!
You die...
Xom howls with laughter!

####### .......
.......## ........#
.......@# #.
#######.######. #.
#(.S....... #.
#..lc...... ###
#.#######..(§......
..####..##...........)..
..#........###..........
....###.### ####.##...#.
.....†..§o# #..§........


You could see a centaur (fast), a ball python and a frilled lizard.

Vanquished Creatures
  2 hounds (D:3)
  A gnoll (D:3)
  3 adders
  A worm (D:3)
  A dart slug (D:3)
  3 orcs
  2 ball pythons
  7 bats
  5 endoplasms
  2 giant cockroaches (D:1)
  3 goblins (D:1)
  3 hobgoblins (D:1)
  18 jackals
  3 quokkas
  5 frilled lizards
  4 kobolds (D:1)
  5 rats
68 creatures vanquished.

Notes
Turn   | Place    | Note
-------+----------+-------------------------------------------
     0 | D:1      | holysushi the Ogre Chaos Knight began the quest for the
                  | Orb.
     0 | D:1      | Reached XP level 1. HP: 24/24 MP: 1/1
    44 | D:1      | Reached XP level 2. HP: 32/32 MP: 2/2
   171 | D:1      | XOM: divination: magic mapping
   292 | D:1      | XOM: divination: detect creatures
   467 | D:1      | Found a faded altar of an unknown god.
   473 | D:1      | Reached XP level 3. HP: 40/40 MP: 3/3
   556 | D:1      | XOM: silly message
   672 | D:1      | You fall into a shaft and drop 1 floor!
   782 | D:1      | XOM: cloud trail
  1434 | D:2      | XOM: silly message
  1518 | D:2      | XOM: silly message
  1998 | D:2      | Reached XP level 4. HP: 43/49 MP: 4/4
  2109 | D:2      | XOM: noise
  2337 | D:3      | Reached skill level 5 in Fighting
  2346 | D:3      | Reached XP level 5. HP: 46/57 MP: 5/5
  2385 | D:3      | XOM: cast spell 'Leda's Liquefaction'
  2493 | D:3      | XOM: noise
  2497 | D:3      | Noticed a centaur
  2506 | D:3      | Gained mutation: You have supernaturally acute eyesight.
                  | (SInv) [potion of mutation]
  2506 | D:3      | Gained mutation: Your mind is acute. (Int +2) [potion of
                  | mutation]
  2508 | D:3      | XOM: potion effect (haste)
  2514 | D:3      | HP: 2/57 [orc/+0 dagger (2)]
  2522 | D:3      | Shot with an arrow by a centaur

Illustrated notes

Levels and vault maps discovered:
D:1:      roderic_octagonal_star, layout_basic,
          hellmonk_ecumenical_altar_leap_of_faith
D:2:      layout_loops_ring
D:3:      layout_rooms, cheibrodos_gnoll_hut, uniq_sigmund

Skill      XL: |  1  2  3  4 |
---------------+-------------+-----
Maces & Flails | 3 4 |  4.4
Fighting       | 5 |  5.4
Dodging        | |  2.8

Action                   |  1- 3 |  4- 6 || total
-------------------------+-------+-------++-------
Melee: Mace              |   158 |    57 ||   215
       Punch             |     1 |     1 ||     2
  Use: Potion            |       |     5 ||     5
       Scroll            |       |     1 ||     1
 Stab: Sleeping          |     1 |       ||     1
Armor: Robe              |    86 |    30 ||   116
Dodge: Dodged            |   113 |    41 ||   154

Table legend: (Time is in decaauts)
 A = Elapsed time spent in this place.
 B = Non-inter-level travel time spent in this place.
 C = Inter-level travel time spent in this place.
 D = Time resting spent in this place.
 E = Time spent auto-exploring this place.
 F = Levels seen in this place.
 G = Mean time per level.
                   A        B        C        D        E       F      G
               +--------+--------+--------+--------+--------+-----+--------+
         Total |   2567 |   2503 |     64 |    489 |   1477 |   3 |  855.7 |
       Dungeon |   2567 |   2503 |     64 |    489 |   1477 |   3 |  855.7 |
               +--------+--------+--------+--------+--------+-----+--------+

Top non-repeatable levels by time:
     D:1: 1224 daAuts
     D:2: 1115 daAuts
     D:3: 227 daAuts
